 Dungeon Crawl Stone Soup version 0.29-a0-284-gf9362112df (webtiles) character file.

Game seed: 3578337747594222810

786 enile the Skirmisher (level 7, -10/50 HPs)
             Began as an Octopode Fire Elementalist on Mar 27, 2022.
             Was a Believer of Kikubaaqudgha.
             Engulfed by a cloud of flame (27 damage)
             ... on level 5 of the Dungeon.
             The game lasted 00:06:37 (5034 turns).

enile the Skirmisher (Octopode Fire Elementalist)   Turns: 5034, Time: 00:06:38

Health: -10/50     AC:  1    Str:  7    XL:     7   Next: 87%
Magic:  0/13       EV: 13    Int: 20    God:    Kikubaaqudgha [**....]
Gold:   86         SH:  0    Dex: 12    Spells: 8/14 levels left

rFire   . . .      SeeInvis .   j - +1 dagger (speed)
rCold   . . .      Faith    .   (no shield)
rNeg    . . .      Spirit   .   (helmet restricted)
rPois   .          Reflect  .   (no amulet)
rElec   .          Harm     .   d - ring of wizardry
rCorr   .          Rampage  .   (no ring)
Will    .....                   (no ring)
Stlth   +++.......              (no ring)
HPRegen 0.16/turn               (no ring)
MPRegen 0.13/turn               (no ring)
                                (no ring)
                                (no ring)

@: very slightly contaminated
A: almost no armour, amphibious, 8 rings, camouflage 1, gelatinous body 1,
(nimble swimmer 1), tentacles
a: Renounce Religion, Receive Corpses


You were on level 5 of the Dungeon.
You worshipped Kikubaaqudgha.
Kikubaaqudgha was pleased with you.
You visited 1 branch of the dungeon, and saw 5 of its levels.

You collected 230 gold pieces.
You spent 144 gold pieces at shops.

Inventory:

Hand Weapons
 j - a +1 dagger of speed (weapon)
 o - a +0 short sword
 p - a +1 hand axe of freezing
Missiles
 u - 11 poisoned darts
 x - 5 javelins
Jewellery
 d - a ring of wizardry (left tentacle)
Wands
 s - a wand of flame (20)
Scrolls
 b - 2 scrolls of fog
 c - a scroll of summoning
 e - a scroll of noise {unknown}
 f - 2 scrolls of magic mapping {unknown}
 k - a scroll of amnesia {unknown}
 m - a scroll of blinking {unknown}
 q - 2 scrolls of vulnerability
 t - a scroll of teleportation
Potions
 a - 2 potions of magic
 g - 2 potions of mutation {unknown}
 h - 3 potions of flight {unknown}
 i - 2 potions of lignification
 l - a potion of ambrosia {unknown}
 n - a potion of might
 r - a potion of heal wounds {unknown}
 v - a potion of brilliance
 w - a potion of degeneration {unknown}
 z - a potion of attraction {unknown}


   Skills:
 - Level 5.0 Fighting
 - Level 2.0 Short Blades
 - Level 3.0 Dodging
 - Level 3.0 Stealth
 - Level 4.0 Spellcasting
 - Level 1.0 Conjurations
 - Level 2.0 Hexes
 + Level 4.6 Fire Magic


You had 8 spell levels left.
You knew the following spells:

 Your Spells              Type           Power      Damage    Failure   Level
a - Foxfire               Conj/Fire      60%        2x1d7     1%          1
b - Scorch                Fire           44%        2d7       1%          2
c - Inner Flame           Hex/Fire       17%        N/A       4%          3

Your spell library contained the following spells:

 Spells                   Type           Power      Damage    Failure   Level
 Conjure Flame            Conj/Fire      15%        6-21      4%          3
 Animate Skeleton         Necr           8%         N/A       5%          1
 Apportation              Tloc           8%         N/A       5%          1
 Beastly Appendage        Tmut           8%         N/A       5%          1
 Corpse Rot               Necr/Air       8%         N/A       8%          2
 Wereblood                Tmut           4%         N/A       8%          2
 Spider Form              Tmut/Pois      4%         N/A       16%         3
 Vampiric Draining        Necr           4%         2d6       16%         3
 Flame Wave               Conj/Fire      15%        2d6       16%         4
 Agony                    Necr           4%         N/A       77%         5
 Alistair's Intoxication  Tmut/Pois      2%         N/A       77%         5


Dungeon Overview and Level Annotations

Branches:
Dungeon (5/15)
 Temple: D:4-7

Altars:
Dithmenos
Fedhas
Kikubaaqudgha
Okawaru
Zin

Shops:
D:4 *

Annotations:
D:4 3 runed translucent doors, Blork the orc; Dvallin's ghost, amateur FoHu


Innate Abilities, Weirdness & Mutations

You cannot wear most types of armour.
You are amphibious.
You can wear up to eight rings at the same time.
Your skin changes colour to match your surroundings (Stealth+).
Your rubbery body absorbs attacks. (AC +1, EV +1)
((You are camouflaged when in or above water. (Stealth+)))
You have tentacles for arms and can constrict up to eight enemies at once.


Message History

Confirm with . or Enter, or press ? or * to list all spells.
Aiming: Inner Flame (dangerous; 4% risk of failure)
Press: ? - help, Dir - move target, f/p - scorpion
Aim: a scorpion (moderately wounded, chance to affect: 71%)
The scorpion struggles to resist.
The scorpion attacks as you move away! The scorpion closely misses you.
The scorpion stings you.
Casting: Inner Flame (dangerous; 4% risk of failure)
Confirm with . or Enter, or press ? or * to list all spells.
Aiming: Inner Flame (dangerous; 4% risk of failure)
Press: ? - help, Dir - move target, f/p - scorpion
Aim: a scorpion (moderately wounded, chance to affect: 71%)
The scorpion is filled with an inner flame.
The scorpion closely misses you. The scorpion attacks as you move away!
The scorpion closely misses you.
You hit the scorpion but do no damage. Your grab misses the scorpion.
Your squeeze misses the scorpion.
The scorpion is moderately wounded.
The scorpion misses you.
You barely miss the scorpion. Your grab misses the scorpion.
Your squeeze misses the scorpion.
The scorpion is moderately wounded.
You hit the scorpion but do no damage. Your grab misses the scorpion.
Flame seeps out of the scorpion.
You squeeze the scorpion.
The scorpion is severely wounded.
The scorpion is engulfed in blazing flames.
Kikubaaqudgha accepts your kill.
The scorpion explodes!
The fiery explosion engulfs you!!
Ouch! That really hurt!
The fiery explosion engulfs the necrophage!!
The necrophage is almost destroyed.
The fiery explosion engulfs the orc!!
You kill the orc!
Kikubaaqudgha accepts your kill.
You hear a shout!
You are engulfed in blazing flames.
Ouch! That really hurt!
You die...
Kikubaaqudgha rasps: "You have failed me!
Welcome... death!"

#.....#....
#.......#.#
#.......#.#
#..........
#..........
########......)...
#............#†#..
#.##########.#.#..
#@########<...)..#
#§○nl.o).#######.#
###).....'. #.#
#..##..#. #<#
#..##..# ###
#......# #......#
######### #l. #w


You could see a necrophage, an iguana and an orc.

Vanquished Creatures
  Grinder (D:3)
  An ogre (D:4)
  2 scorpions
  A jelly (D:5)
  A hound (D:5)
  An orc priest (D:4)
  Ijyb (D:3)
  Natasha (thrice) (D:4)
  An iguana (D:5)
  An orc wizard (D:5)
  3 gnolls (D:4)
  6 adders
  2 dart slugs
  14 orcs
  5 ball pythons
  3 bats
  6 endoplasms
  4 giant cockroaches
  7 goblins
  7 hobgoblins
  A quokka (D:4)
  A frilled lizard (D:2)
  6 kobolds
  4 rats
82 creatures vanquished.

Vanquished Creatures (collateral kills)
  9 foxfires (D:2)
9 creatures vanquished.

Vanquished Creatures (others)
  236 foxfires
  13 plants (D:2)
249 creatures vanquished.

Grand Total: 340 creatures vanquished

Notes
Turn   | Place    | Note
-------+----------+-------------------------------------------
     0 | D:1      | enile the Octopode Fire Elementalist began the quest for
                  | the Orb.
     0 | D:1      | Reached XP level 1. HP: 11/11 MP: 3/3
   106 | D:1      | Reached skill level 1 in Fighting
   247 | D:1      | Reached XP level 2. HP: 18/18 MP: 3/5
   783 | D:1      | Reached skill level 2 in Fighting
  1049 | D:1      | Reached XP level 3. HP: 20/24 MP: 3/6
  1136 | D:1      | Found a faded altar of an unknown god.
  1150 | D:1      | Learned a level 2 spell: Scorch
  1153 | D:1      | Prayed at the altar of an unknown god.
  1153 | D:1      | Became a worshipper of Kikubaaqudgha
  1153 | D:1      | Reached * piety under Kikubaaqudgha
  1153 | D:1      | Received a gift from Kikubaaqudgha
  1178 | D:2      | Learned a level 3 spell: Inner Flame
  1385 | D:2      | Noticed a scorpion
  1395 | D:2      | Killed a scorpion
  1396 | D:2      | Reached skill level 3 in Fighting
  1396 | D:2      | Reached XP level 4. HP: 26/31 MP: 1/8
  1623 | D:2      | Reached skill level 1 in Hexes
  2057 | D:2      | Found a blossoming altar of Fedhas.
  2184 | D:3      | Noticed Grinder
  2186 | D:3      | Paralysed by Grinder for 4 turns
  2303 | D:3      | Reached XP level 5. HP: 36/36 MP: 6/9
  2312 | D:3      | Killed Grinder
  2313 | D:3      | Reached XP level 6. HP: 42/42 MP: 0/12
  2798 | D:3      | Reached ** piety under Kikubaaqudgha
  3099 | D:3      | Found a shadowy altar of Dithmenos.
  3131 | D:3      | Found a blossoming altar of Fedhas.
  3494 | D:4      | Reached XP level 7. HP: 36/47 MP: 13/13
  3651 | D:4      | Noticed Natasha
  3681 | D:4      | Killed Natasha
  3682 | D:4      | Reached skill level 4 in Fighting
  3868 | D:4      | Noticed Blork the orc
  3960 | D:4      | Noticed Ijyb
  4048 | D:3      | Killed Ijyb
  4207 | D:4      | Found Gotij's General Store.
  4212 | D:4      | Bought a scroll of teleportation for 36 gold pieces
  4212 | D:4      | Bought 5 poisoned darts for 24 gold pieces
  4212 | D:4      | Bought a potion of lignification for 36 gold pieces
  4212 | D:4      | Bought a potion of brilliance for 48 gold pieces
  4222 | D:4      | Found a glowing silver altar of Zin.
  4223 | D:4      | Found an iron altar of Okawaru.
  4244 | D:4      | Noticed Natasha
  4255 | D:4      | Killed Natasha
  4450 | D:4      | Found a runed translucent gate.
  4452 | D:4      | Found a runed translucent gate.
  4452 | D:4      | Found a runed translucent gate.
  4456 | D:4      | Noticed Dvallin's ghost (amateur FoHu)
  4662 | D:4      | Noticed Natasha
  4670 | D:4      | Killed Natasha
  4838 | D:5      | Entered Level 5 of the Dungeon
  4846 | D:5      | Reached skill level 5 in Fighting
  4849 | D:5      | Reached skill level 1 in Short Blades
  5019 | D:5      | Noticed a komodo dragon
  5034 | D:5      | Engulfed by a cloud of flame

Illustrated notes

Levels and vault maps discovered:
D:1:      dpeg_arrival_windows_large_door, layout_basic,
          ebering_ecumenical_altar_abandoned
D:2:      layout_basic, basic_altar, serial_bayou, serial_bayou_lagoon_b,
          serial_bayou_lake_a, serial_bayou_shore_a, serial_bayou_crossing
D:3:      layout_loops_ring, overflow_temple_1_default,
          nicolae_dithmenos_the_darkroom, serial_rivers,
          chequers_serial_rivers_large_b, chequers_serial_rivers_small_a,
          chequers_serial_rivers_small_b, chequers_serial_rivers_micro_d,
          uniq_grinder
D:4:      kennysheep_the_goblin_king, layout_rooms,
          gammafunk_temple_overflow_statue, serial_shops, nicolae_shop_stone,
          gammafunk_ghost_necromancy, uniq_blork_the_orc, uniq_natasha
D:5:      minmay_clustersquares, layout_basic, mainiacjoe_overflow_tiny_flanked,
          uniq_crazy_yiuf_cottage

Skill      XL: |  1  2  3  4  5  6  7 |
---------------+----------------------+-----
Fighting       | 1 2 3 5 |  5.0
Stealth        | 3 |  3.0
Spellcasting   | 3 4 |  4.0
Hexes          | 1 2 |  2.0
Fire Magic     | 4 |  4.6
Dodging        | 3 |  3.0
Short Blades   | 2 |  2.0
Conjurations   | |  1.0

Action                   |  1- 3 |  4- 6 |  7- 9 || total
-------------------------+-------+-------+-------++-------
Melee: Unarmed           |     3 |    15 |       ||    18
       Tentacles         |     1 |     9 |    12 ||    22
       Constrict         |     1 |     7 |     7 ||    15
       Punch             |       |     2 |     2 ||     4
       Hand axe          |       |    13 |     6 ||    19
       Dagger            |       |       |    40 ||    40
 Cast: Foxfire           |    70 |    54 |    26 ||   150
       Scorch            |     1 |     7 |    17 ||    25
       Inner Flame       |       |     1 |     7 ||     8
  Use: Scroll            |       |     3 |       ||     3
 Stab: Sleeping          |       |       |     2 ||     2
Armor: Skin              |     1 |     3 |     5 ||     9
Dodge: Dodged            |    10 |    26 |    41 ||    77

Table legend: (Time is in decaauts)
 A = Elapsed time spent in this place.
 B = Non-inter-level travel time spent in this place.
 C = Inter-level travel time spent in this place.
 D = Time resting spent in this place.
 E = Time spent auto-exploring this place.
 F = Levels seen in this place.
 G = Mean time per level.
                   A        B        C        D        E       F      G
               +--------+--------+--------+--------+--------+-----+--------+
         Total |   5027 |   4848 |    179 |    227 |   3897 |   5 | 1005.4 |
       Dungeon |   5027 |   4848 |    179 |    227 |   3897 |   5 | 1005.4 |
               +--------+--------+--------+--------+--------+-----+--------+

Top non-repeatable levels by time:
     D:3: 1425 daAuts
     D:1: 1173 daAuts
     D:4: 1122 daAuts
     D:2: 1116 daAuts
     D:5: 190 daAuts
